[ AOE2 MATCH · #506490647 ]
UnrankedAztecs vs Spanish
Player's team · WIN
Rival team · LOSS
[ REPLAY ANALYSIS · EXTRACTED FROM THE RECORDED GAME ]
Feudal
10:15
Castle
23:58
Imperial
36:42
| APM avg | 37.0 |
| APM peak | 94 |
| eAPM avg | 17.6 |
| Villagers / military | 143 / 216 |
Focus
⚔️ 34.2% · 🌾 65.8%
Archer ×107 · Spearman ×80 · Eagle Scout ×12 · Trebuchet (Packed) ×6 · Mangonel ×5 · Monk ×3
Feudal
10:30
Castle
27:00
Imperial
39:38
| APM avg | 31.7 |
| APM peak | 81 |
| eAPM avg | 20.9 |
| Villagers / military | 146 / 128 |
Focus
⚔️ 35.5% · 🌾 64.5%
Skirmisher ×35 · Scout Cavalry ×25 · Militia ×20 · Knight ×15 · Archer ×13 · Conquistador ×13
Match map
Initial resources + every placement click. Lines = walls · curves = elevation contours. ◆ gold · ⬟ stone · ● berries · ✦ relic · ◌ wall gap
Your base· Open — 6t gap
Fs.Shiling's base· Open — 5t gap
Smoothed initial terrain · ◌ = detected wall gap · hover for details
Inputs per minute
— joeharry10 - - Fs.Shiling
Build order — joeharry10
First 150 of 357 actions detected
| 0:00 | Queue | Villager (Male) |
| 0:01 | Queue | Villager (Male) |
| 0:01 | Queue | Villager (Male) |
| 0:02 | Build | House |
| 0:04 | Build | House |
| 0:12 | Queue | Villager (Male) |
| 1:32 | Queue | Villager (Male) |
| 1:51 | Build | Lumber Camp |
| 2:09 | Queue | Villager (Male) |
| 2:10 | Queue | Villager (Male) |
| 3:00 | Queue | Villager (Male) |
| 3:00 | Queue | Villager (Male) |
| 3:47 | Research | Loom |
| 3:47 | Queue | Villager (Male) |
| 3:56 | Build | House |
| 4:11 | Build | House |
| 4:16 | Build | Palisade Wall |
| 4:18 | Queue | Villager (Male) |
| 5:03 | Queue | Villager (Male) |
| 5:22 | Queue | Villager (Male) |
| 5:51 | Queue | Villager (Male) |
| 5:52 | Queue | Villager (Male) |
| 6:02 | Build | Mill |
| 6:42 | Queue | Villager (Male) |
| 6:43 | Queue | Villager (Male) |
| 6:51 | Build | Lumber Camp |
| 7:26 | Build | House |
| 7:32 | Queue | Villager (Male) |
| 8:01 | Build | Barracks |
| 8:05 | Research | Feudal Age |
| 8:39 | Build | Mill |
| 9:27 | Queue | Villager (Male) |
| 9:27 | Queue | Villager (Male) |
| 9:52 | Build | Mining Camp |
| 10:15 | Age | Feudal Age |
| 10:16 | Research | Double-Bit Axe |
| 10:21 | Queue | Eagle Scout |
| 10:21 | Queue | Eagle Scout |
| 10:28 | Build | Blacksmith |
| 10:31 | Build | House |
| 10:43 | Queue | Villager (Male) |
| 10:50 | Research | Horse Collar |
| 11:11 | Queue | Villager (Male) |
| 11:15 | Build | Farm |
| 11:18 | Build | Farm |
| 11:20 | Queue | Villager (Male) |
| 11:35 | Queue | Eagle Scout |
| 11:35 | Queue | Villager (Male) |
| 12:14 | Queue | Villager (Male) |
| 12:42 | Queue | Villager (Male) |
| 12:47 | Build | Mining Camp |
| 12:54 | Build | Watch Tower |
| 13:07 | Research | Arson |
| 13:10 | Research | Scale Mail Armor |
| 13:21 | Queue | Villager (Male) |
| 13:37 | Build | Watch Tower |
| 13:40 | Queue | Villager (Male) |
| 13:40 | Queue | Villager (Male) |
| 13:47 | Build | House |
| 14:10 | Build | Palisade Wall |
| 14:11 | Build | Palisade Wall |
| 14:17 | Queue | Villager (Male) |
| 14:44 | Queue | Villager (Male) |
| 14:51 | Build | Watch Tower |
| 15:02 | Queue | Villager (Male) |
| 15:14 | Build | Watch Tower |
| 15:19 | Queue | Villager (Male) |
| 15:32 | Queue | Eagle Scout |
| 16:21 | Queue | Villager (Male) |
| 16:25 | Build | Farm |
| 16:26 | Build | Farm |
| 16:26 | Build | Farm |
| 16:27 | Build | Farm |
| 16:27 | Build | Farm |
| 16:27 | Build | Farm |
| 16:31 | Build | Farm |
| 16:31 | Build | Farm |
| 16:32 | Build | Farm |
| 16:32 | Build | Farm |
| 16:32 | Build | Farm |
| 16:32 | Build | Farm |
| 16:37 | Research | Town Watch |
| 16:59 | Build | Watch Tower |
| 17:03 | Queue | Eagle Scout |
| 17:03 | Queue | Eagle Scout |
| 17:05 | Queue | Villager (Male) |
| 17:05 | Queue | Villager (Male) |
| 17:08 | Build | House |
| 17:18 | Build | Farm |
| 17:19 | Build | Farm |
| 17:20 | Queue | Villager (Male) |
| 17:20 | Queue | Villager (Male) |
| 17:27 | Build | Palisade Wall |
| 17:28 | Build | Palisade Wall |
| 17:28 | Build | Palisade Wall |
| 17:28 | Build | Palisade Wall |
| 17:46 | Queue | Villager (Male) |
| 17:51 | Build | Farm |
| 18:14 | Queue | Villager (Male) |
| 18:18 | Build | Farm |
| 18:19 | Build | Farm |
| 18:20 | Build | Farm |
| 18:21 | Build | Farm |
| 18:22 | Build | Farm |
| 18:31 | Build | Stone Wall |
| 18:52 | Build | House |
| 18:56 | Build | Farm |
| 19:00 | Research | Wheelbarrow |
| 19:27 | Build | Watch Tower |
| 19:39 | Queue | Villager (Male) |
| 19:40 | Queue | Villager (Male) |
| 19:46 | Build | Gate |
| 19:51 | Queue | Villager (Male) |
| 19:55 | Build | Farm |
| 19:57 | Build | House |
| 20:36 | Build | Market |
| 20:40 | Queue | Villager (Male) |
| 21:18 | Research | Castle Age |
| 21:29 | Build | Watch Tower |
| 21:42 | Queue | Eagle Scout |
| 21:42 | Queue | Eagle Scout |
| 21:47 | Build | Barracks |
| 21:49 | Build | House |
| 22:11 | Queue | Eagle Scout |
| 22:11 | Queue | Eagle Scout |
| 23:04 | Queue | Eagle Scout |
| 23:04 | Queue | Eagle Scout |
| 23:16 | Queue | Villager (Male) |
| 23:16 | Queue | Villager (Male) |
| 23:19 | Research | Forging |
| 23:58 | Age | Castle Age |
| 23:59 | Research | Chain Mail Armor |
| 24:02 | Research | Bow Saw |
| 24:06 | Build | Town Center |
| 24:28 | Queue | Villager (Male) |
| 24:29 | Queue | Villager (Male) |
| 24:29 | Queue | Villager (Male) |
| 24:53 | Queue | Villager (Male) |
| 24:54 | Queue | Villager (Male) |
| 24:59 | Research | Stone Mining |
| 25:01 | Research | Gold Mining |
| 25:10 | Build | Monastery |
| 25:19 | Queue | Villager (Male) |
| 25:19 | Queue | Villager (Male) |
| 25:23 | Build | House |
| 25:25 | Build | House |
| 25:25 | Build | House |
| 25:28 | Build | House |
| 25:31 | Research | Heavy Plow |
| 25:42 | Build | Gate |
Build order — Fs.Shiling
First 150 of 516 actions detected
| 0:00 | Queue | Villager (Male) |
| 0:01 | Queue | Villager (Male) |
| 0:01 | Queue | Villager (Male) |
| 0:02 | Build | House |
| 0:03 | Build | House |
| 0:09 | Queue | Villager (Male) |
| 1:28 | Queue | Villager (Male) |
| 1:50 | Build | Lumber Camp |
| 2:03 | Queue | Villager (Male) |
| 2:11 | Queue | Villager (Male) |
| 2:53 | Queue | Villager (Male) |
| 3:00 | Queue | Villager (Male) |
| 3:23 | Build | House |
| 3:24 | Build | House |
| 3:34 | Queue | Villager (Male) |
| 3:54 | Queue | Villager (Male) |
| 4:09 | Build | Mill |
| 4:25 | Queue | Villager (Male) |
| 4:25 | Queue | Villager (Male) |
| 4:47 | Queue | Villager (Male) |
| 5:13 | Queue | Villager (Male) |
| 5:45 | Queue | Villager (Male) |
| 6:04 | Queue | Villager (Male) |
| 6:31 | Queue | Villager (Male) |
| 6:44 | Build | Mining Camp |
| 7:09 | Queue | Villager (Male) |
| 7:10 | Research | Loom |
| 7:54 | Build | Palisade Wall |
| 7:55 | Build | Palisade Wall |
| 8:01 | Research | Feudal Age |
| 8:36 | Build | House |
| 9:19 | Build | Barracks |
| 9:22 | Queue | Villager (Male) |
| 9:47 | Queue | Villager (Male) |
| 10:30 | Age | Feudal Age |
| 10:37 | Build | Blacksmith |
| 10:41 | Build | Archery Range |
| 10:55 | Build | Farm |
| 10:57 | Queue | Villager (Male) |
| 11:28 | Build | Palisade Wall |
| 11:29 | Build | Palisade Wall |
| 11:30 | Build | Palisade Wall |
| 11:31 | Build | Palisade Wall |
| 11:34 | Build | Palisade Wall |
| 11:36 | Queue | Villager (Male) |
| 11:43 | Build | Palisade Wall |
| 11:48 | Build | Mining Camp |
| 11:50 | Build | Palisade Wall |
| 11:51 | Build | Palisade Wall |
| 11:52 | Build | Palisade Wall |
| 11:53 | Build | Palisade Wall |
| 11:54 | Build | Palisade Wall |
| 11:57 | Queue | Villager (Male) |
| 12:05 | Build | House |
| 12:09 | Build | Palisade Wall |
| 12:12 | Build | Palisade Wall |
| 12:15 | Build | House |
| 12:29 | Queue | Villager (Male) |
| 12:30 | Queue | Archer |
| 12:36 | Build | Palisade Wall |
| 12:37 | Build | Palisade Wall |
| 12:44 | Queue | Villager (Male) |
| 12:46 | Build | House |
| 13:00 | Build | Farm |
| 13:10 | Queue | Archer |
| 13:16 | Queue | Villager (Male) |
| 13:22 | Build | Farm |
| 13:25 | Research | Fletching |
| 13:31 | Queue | Archer |
| 13:33 | Queue | Villager (Male) |
| 13:36 | Build | Palisade Wall |
| 13:48 | Build | Watch Tower |
| 14:07 | Queue | Villager (Male) |
| 14:14 | Queue | Archer |
| 14:27 | Queue | Archer |
| 14:29 | Build | Palisade Wall |
| 14:36 | Queue | Villager (Male) |
| 14:38 | Queue | Villager (Male) |
| 14:40 | Build | Lumber Camp |
| 14:42 | Queue | Villager (Male) |
| 14:49 | Queue | Archer |
| 14:58 | Queue | Villager (Male) |
| 15:20 | Queue | Archer |
| 15:26 | Queue | Archer |
| 15:29 | Queue | Villager (Male) |
| 15:34 | Build | House |
| 15:38 | Build | Palisade Wall |
| 15:40 | Build | Palisade Wall |
| 15:53 | Build | Watch Tower |
| 16:04 | Queue | Villager (Male) |
| 16:15 | Build | Palisade Wall |
| 16:30 | Build | Farm |
| 16:45 | Queue | Villager (Male) |
| 16:53 | Build | Farm |
| 16:54 | Build | Farm |
| 16:55 | Build | Farm |
| 17:00 | Queue | Villager (Male) |
| 17:26 | Queue | Villager (Male) |
| 17:39 | Build | Farm |
| 17:41 | Queue | Villager (Male) |
| 17:42 | Build | Farm |
| 17:44 | Build | Farm |
| 17:46 | Queue | Villager (Male) |
| 17:57 | Queue | Villager (Male) |
| 17:59 | Build | Mining Camp |
| 18:13 | Build | Farm |
| 18:15 | Build | Farm |
| 18:18 | Build | Farm |
| 18:21 | Build | Palisade Wall |
| 18:36 | Queue | Villager (Male) |
| 18:41 | Build | Farm |
| 18:42 | Build | Farm |
| 18:46 | Build | Palisade Wall |
| 19:08 | Build | House |
| 19:13 | Build | House |
| 19:15 | Build | House |
| 19:16 | Build | Palisade Wall |
| 19:27 | Queue | Villager (Male) |
| 19:38 | Research | Man-at-Arms (upgrade) |
| 19:47 | Research | Gold Mining |
| 19:50 | Build | Farm |
| 19:52 | Build | Mill |
| 19:54 | Build | Farm |
| 19:55 | Queue | Villager (Male) |
| 19:57 | Queue | Militia |
| 19:58 | Queue | Militia |
| 20:00 | Build | Farm |
| 20:13 | Build | Palisade Wall |
| 20:26 | Build | Farm |
| 20:30 | Build | Farm |
| 20:31 | Queue | Villager (Male) |
| 20:38 | Queue | Militia |
| 20:40 | Queue | Militia |
| 20:54 | Build | House |
| 21:07 | Queue | Villager (Male) |
| 21:10 | Build | Farm |
| 21:17 | Queue | Militia |
| 21:19 | Queue | Villager (Male) |
| 21:37 | Build | House |
| 21:48 | Research | Scale Mail Armor |
| 21:51 | Research | Forging |
| 21:54 | Queue | Villager (Male) |
| 21:56 | Build | Farm |
| 21:58 | Build | Farm |
| 22:14 | Queue | Militia |
| 22:15 | Queue | Militia |
| 22:21 | Build | Farm |
| 22:57 | Build | Palisade Wall |
| 22:58 | Build | Palisade Wall |
| 23:05 | Research | Wheelbarrow |
Match timeline
| 4:16 | joeharry10 · wall_segment Palisade Wall x8 |
| 7:54 | Fs.Shiling · wall_segment Palisade Wall x1 |
| 7:55 | Fs.Shiling · wall_segment Palisade Wall x1 |
| 8:01 | joeharry10 · first_building Barracks |
| 9:19 | Fs.Shiling · first_building Barracks |
| 10:15 | joeharry10 · age_up feudal |
| 10:30 | Fs.Shiling · age_up feudal |
| 10:41 | Fs.Shiling · first_building Archery Range |
| 11:28 | Fs.Shiling · wall_segment Palisade Wall x1 |
| 11:29 | Fs.Shiling · wall_segment Palisade Wall x1 |
| 11:30 | Fs.Shiling · wall_segment Palisade Wall x1 |
| 11:31 | Fs.Shiling · wall_segment Palisade Wall x1 |
| 11:34 | Fs.Shiling · wall_segment Palisade Wall x5 |
| 11:43 | Fs.Shiling · wall_segment Palisade Wall x6 |
| 11:50 | Fs.Shiling · wall_segment Palisade Wall x1 |
| 11:51 | Fs.Shiling · wall_segment Palisade Wall x1 |
| 11:52 | Fs.Shiling · wall_segment Palisade Wall x1 |
| 11:53 | Fs.Shiling · wall_segment Palisade Wall x1 |
| 11:54 | Fs.Shiling · wall_segment Palisade Wall x1 |
| 12:09 | Fs.Shiling · wall_segment Palisade Wall x1 |
| 12:12 | Fs.Shiling · wall_segment Palisade Wall x1 |
| 12:36 | Fs.Shiling · wall_segment Palisade Wall x1 |
| 12:37 | Fs.Shiling · wall_segment Palisade Wall x1 |
| 13:36 | Fs.Shiling · wall_segment Palisade Wall x1 |
| 14:10 | joeharry10 · wall_segment Palisade Wall x1 |
| 14:11 | joeharry10 · wall_segment Palisade Wall x1 |
| 14:29 | Fs.Shiling · wall_segment Palisade Wall x1 |
| 15:38 | Fs.Shiling · wall_segment Palisade Wall x1 |
| 15:40 | Fs.Shiling · wall_segment Palisade Wall x1 |
| 16:15 | Fs.Shiling · wall_segment Palisade Wall x5 |
| 17:27 | joeharry10 · wall_segment Palisade Wall x1 |
| 17:28 | joeharry10 · wall_segment Palisade Wall x1 |
| 17:28 | joeharry10 · wall_segment Palisade Wall x1 |
| 17:28 | joeharry10 · wall_segment Palisade Wall x1 |
| 18:21 | Fs.Shiling · wall_segment Palisade Wall x1 |
| 18:31 | joeharry10 · wall_segment Stone Wall x17 |
| 18:46 | Fs.Shiling · wall_segment Palisade Wall x12 |
| 19:16 | Fs.Shiling · wall_segment Palisade Wall x1 |
| 20:13 | Fs.Shiling · wall_segment Palisade Wall x4 |
| 22:57 | Fs.Shiling · wall_segment Palisade Wall x1 |
| 22:58 | Fs.Shiling · wall_segment Palisade Wall x1 |
| 23:23 | Fs.Shiling · wall_segment Palisade Wall x1 |
| 23:24 | Fs.Shiling · wall_segment Palisade Wall x1 |
| 23:25 | Fs.Shiling · wall_segment Palisade Wall x1 |
| 23:26 | Fs.Shiling · wall_segment Palisade Wall x1 |
| 23:58 | joeharry10 · age_up castle |
| 25:10 | joeharry10 · first_building Monastery |
| 27:00 | Fs.Shiling · age_up castle |
| 27:18 | Fs.Shiling · first_market_buy 100 stone |
| 27:29 | joeharry10 · first_building Archery Range |
| 27:36 | Fs.Shiling · first_building Castle |
| 28:38 | joeharry10 · first_building Castle |
| 34:12 | joeharry10 · wall_segment Stone Wall x1 |
| 35:48 | joeharry10 · first_market_sell 100 wood |
| 35:49 | joeharry10 · first_market_buy 100 stone |
| 36:32 | Fs.Shiling · first_building Stable |
| 36:42 | joeharry10 · age_up imperial |
| 38:04 | joeharry10 · first_building Siege Workshop |
| 39:15 | joeharry10 · wall_segment Stone Wall x9 |
| 39:16 | joeharry10 · wall_segment Stone Wall x23 |
| 39:38 | Fs.Shiling · age_up imperial |
| 42:52 | Fs.Shiling · first_market_sell 100 food |
| 44:28 | joeharry10 · wall_segment Stone Wall x8 |
| 45:27 | joeharry10 · wall_segment Stone Wall x1 |
| 45:27 | joeharry10 · wall_segment Stone Wall x1 |
| 45:28 | joeharry10 · wall_segment Stone Wall x1 |
| 48:08 | Fs.Shiling · resign |
[ AI ANALYSIS · 1 CREDIT ]
What really happened in this match?
Wolo.gg analyzes every decision: build order, eco, micro, common mistakes by bracket. Personalized analysis on WhatsApp or Discord in 30 seconds.
Civ guide
Aztecs
Perfil
Jugador #440856